 Dungeon Crawl Stone Soup version 0.22-a0-460-g49b1da7e92 (webtiles) character file.

254 Oravi the Conjurer (level 5, -3/38 HPs)
             Began as a Draconian Conjurer on June 9, 2018.
             Killed from afar by NoiZ's ghost (14 damage)
             ... with a flame tongue
             ... on level 3 of the Dungeon.
             The game lasted 00:11:28 (3349 turns).

Oravi the Conjurer (Draconian Conjurer)             Turns: 3349, Time: 00:11:29

Health: -3/38      AC:  6    Str: 10    XL:     5   Next: 91%
Magic:  8/10       EV: 13    Int: 16    God:
Gold:   137        SH:  0    Dex: 12    Spells: 10/11 levels left

rFire    . . .     SeeInvis .   m - +1 dagger (freeze)
rCold    . . .     Gourm    +   (no shield)
rNeg     . . .     Faith    .   (armour unavailable)
rPois    .         Spirit   .   (helmet restricted)
rElec    .         Reflect  .   (no cloak)
rCorr    .         Harm     .   s - +0 pair of gloves
MR       .....                  (no boots)
Stlth    ++........             c - amulet of the gourmand
HPRegen  0.12/turn              (no ring)
MPRegen  0.12/turn              (no ring)

@: slowed, very slow
A: unfitting armour, cold-blooded, AC +5
a: no special abilities


You were on level 3 of the Dungeon.
You were completely stuffed.

You visited 1 branch of the dungeon, and saw 3 of its levels.

You collected 137 gold pieces.

Inventory:

Hand Weapons
 m - a +1 dagger of freezing (weapon)
 r - a +2 short sword of speed
Missiles
 g - 95 stones (quivered)
Armour
 h - a +0 large shield
 s - a +0 pair of gloves (worn)
Jewellery
 c - an amulet of the gourmand (around neck)
Scrolls
 d - a scroll of remove curse
 e - a scroll of teleportation
 f - 2 scrolls of identify
 l - a scroll of enchant weapon
 o - a scroll of fog
Potions
 a - a potion of magic
 i - 4 potions of flight {unknown}
 j - 2 potions of resistance {unknown}
 k - a potion of ambrosia {unknown}
 n - a potion of degeneration {unknown}
 p - a potion of mutation {unknown}
Comestibles
 b - 4 rations


   Skills:
 + Level 3.5 Dodging
 - Level 1.7 Stealth
 + Level 3.6 Spellcasting
 + Level 5.2 Conjurations


You had 10 spell levels left.
You knew the following spells:

 Your Spells              Type           Power        Failure   Level  Hunger
a - Magic Dart            Conj           ###.         1%          1    None

Your spell library contained the following spells:

 Spells                   Type           Power        Failure   Level  Hunger
 Iskenderun's Mystic Bla  Conj           ###.....     21%         4    ####...
 Fulminant Prism          Conj/Hex       ##........   52%         4    ####...
 Dazzling Spray           Conj/Hex       ##....       19%         3    ###....
 Force Lance              Conj/Tloc      ##......     52%         4    ####...
 Searing Ray              Conj           ###...       3%          2    ##.....


Dungeon Overview and Level Annotations

Branches:
Dungeon (3/15)

Altars:
Dithmenos

Annotations:
D:3 NoiZ's ghost, amateur DEFE


Innate Abilities, Weirdness & Mutations

Your plain brown scales are hard. (AC +5)
You cannot fit into any form of body armour.
You are cold-blooded and may be slowed by cold attacks.


Message History

Natasha is almost dead.
Natasha closely misses you. Natasha claws you but does no damage.
Casting: Magic Dart (safe; 1% risk of failure)
Confirm with . or Enter, or press ? or * to list all spells.
Aiming: Magic Dart (safe; 1% risk of failure)
Press: ? - help, Shift-Dir - straight line, f/p - Natasha
Aim: Natasha (almost dead)
The magic dart hits Natasha.
You kill Natasha!
You feel Natasha's spirit has finally been put to rest.
NoiZ's ghost casts a spell at you. The flame tongue misses you.
NoiZ's ghost says, "You must not succeed where I failed!"
NoiZ's ghost casts a spell at you. The flame tongue hits you!
* * * LOW HITPOINT WARNING * * *
NoiZ's ghost keens inconsolably.
NoiZ's ghost casts a spell at you. The flame tongue hits you!
You die...

..#.##.# #........####........
....##.# ########## ###......
#.####.# ######...... .......#
#........... ....####
#####........... ....####
#............... #.#....#
#.##............
#.#....###########.##.........#.#
#.#.........!.W.@..##.....##..[.#
#.#....##...♣♣#...###♣.♣##♣ P♣♣§§
#.######..P.♣♣♣♣.P.P..♣♣ P ♣.♣§♣
#..# #(.♣♣P.♣.♣PP..♣P♣.... ♣♣♣.♣♣
##.# #♣P♣♣♣.P.♣♣♣♣.♣♣♣.♣♣.♣P♣..♣♣
#.# ♣♣.P.♣5.P♣♣PP..♣.P..♣..♣W.♣.
#.# ♣..PP♣P...♣.♣..P..♣P.♣♣♣P.♣.
#.# ♣P..♣♣hW....♣.♣...8..P♣...♣
#.###♣.♣..♣..♣...#...#......P..♣


You could see NoiZ's ghost.

Vanquished Creatures
  A centaur (D:3)
  Natasha (thrice) (D:3)
  4 adders
  2 worms
  A dart slug (D:2)
  A leopard gecko (D:1)
  4 giant cockroaches
  8 goblins
  3 hobgoblins
  4 jackals (D:2)
  4 kobolds
  4 quokkas (D:3)
  6 bats
  3 frilled lizards
  6 rats
54 creatures vanquished.

Vanquished Creatures (others)
  2 plants (D:3)
2 creatures vanquished.

Grand Total: 56 creatures vanquished

Notes
Turn   | Place    | Note
-------+----------+-------------------------------------------
     0 | D:1      | Oravi the Draconian Conjurer began the quest for the Orb.
     0 | D:1      | Reached XP level 1. HP: 14/14 MP: 3/3
   445 | D:1      | Reached XP level 2. HP: 11/20 MP: 0/5
  1482 | D:2      | Reached XP level 3. HP: 26/26 MP: 1/6
  2338 | D:3      | Found a faded altar of an unknown god.
  2496 | D:3      | Noticed a centaur
  2510 | D:3      | Killed a centaur
  2510 | D:3      | Reached XP level 4. HP: 12/33 MP: 1/8
  2510 | D:3      | Reached XP level 5. HP: 14/38 MP: 1/9
  2716 | D:3      | Noticed Natasha
  2720 | D:3      | Found a shadowy altar of Dithmenos.
  2726 | D:3      | Killed Natasha
  2726 | D:3      | Reached skill level 5 in Conjurations
  2738 | D:3      | Noticed Natasha
  2748 | D:3      | Noticed NoiZ's ghost (amateur DEFE)
  3037 | D:3      | Killed Natasha
  3321 | D:3      | Noticed Natasha
  3346 | D:3      | Killed Natasha
  3349 | D:3      | Killed from afar by NoiZ's ghost

Vault maps used:
D:1:      lightli_molten_gateway
D:2:      corexii_corridor_pit, minmay_tripent
D:3:      wad_woods_stonehenge, chequers_ecumenical_altar_simple, uniq_natasha

Skill      XL: |  1  2  3  4  5 |
---------------+----------------+-----
Dodging        | 2 3 |  3.5
Spellcasting   | 3 |  3.6
Conjurations   | 5 |  5.2
Stealth        | |  1.7

Action                   |  1- 3 |  4- 6 || total
-------------------------+-------+-------++-------
Melee: Unarmed           |    16 |       ||    16
       Tailslap          |    11 |     1 ||    12
       Dagger            |    49 |    26 ||    75
Throw: Stone             |       |     2 ||     2
 Cast: Magic Dart        |    81 |    34 ||   115
  Use: Scroll            |     7 |     1 ||     8
 Stab: Sleeping          |       |     1 ||     1
  Eat: Chunk             |    19 |     2 ||    21
Armor: Skin              |    17 |    14 ||    31
Dodge: Dodged            |    35 |    30 ||    65

Table legend:
 A = Spawn XP
 B = Non-spawn XP
 C = Spawn XP percentage of total XP
 D = Spawn monster count
 E = Non-spawn monster count
 F = Spawn count percentage of total count
 G = Total turns spent on level
                    A         B        C        D         E        F      G
               +---------+---------+-------+---------+---------+-------+---------
         Total |       0 |     364 |   0.0 |       0 |      54 |   0.0 |  3349
               +---------+---------+-------+---------+---------+-------+---------
           D:1 |       0 |      21 |   0.0 |       0 |      13 |   0.0 |  1121
           D:2 |       0 |      64 |   0.0 |       0 |      20 |   0.0 |  1209
           D:3 |       0 |     279 |   0.0 |       0 |      21 |   0.0 |  1019
               +---------+---------+-------+---------+---------+-------+---------
